Map: 2000 애트모스피어 - 래더

Players

ByuN

  • Race: Terran Terran

DPGCure (Cure) - Winner!

  • Race: Terran Terran

Event: DreamHack SC2 Masters Last Chance 2022

VOD

Have the link to the VOD?

Description

Time

  • Played on: Dec. 15, 2021, 5:19 a.m.
  • Length: 21:15

All games in this series

Show
View Real Time Build Order
Export as new Build Order

ByuN Terran 

Build Orders:  

Get SALT Encoding   

  12  0:00  SCV  
  13  0:12  SCV  
  14  0:17  Supply Depot  
  14  0:24  SCV  
  15  0:38  SCV  
  15  0:39  Barracks  
  16  0:43  Refinery  
  16  0:50  SCV  
  16  0:52  Refinery  
  17  1:02  SCV  
  18  1:14  SCV  
  19  1:26  Reaper, Orbital Command  
  19  1:29  Supply Depot  
  20  1:40  Factory  
  20  1:52  SCV  
  21  1:58  Reaper  
  22  2:04  SCV  
  23  2:16  SCV  
  23  2:19  Command Center  
  24  2:25  Hellion  
  24  2:28  SCV  
  27  2:31  Barracks Tech Lab  
  27  2:35  Supply Depot  
  27  2:40  SCV  
  28  2:47  Starport  
  28  2:53  SCV  
  29  3:03  Cyclone  
  29  3:05  SCV  
  32  3:07  Barracks Tech Lab  
  32  3:17  SCV  
  31  3:31  Orbital Command  
  31  3:33  Barracks Reactor  
  31  3:35  Cyclone  
  31  3:38  Banshee  
  37  3:41  SCV  
  37  3:45  Barracks Reactor  
  37  3:52  Refinery  
  38  3:57  SCV x2  
  38  3:58  Supply Depot  
  39  4:07  Siege Tank  
  39  4:09  SCV x2  
  44  4:12  Supply Depot  
  44  4:21  SCV x2, Marine x2  
  45  4:33  SCV x2  
  46  4:42  Marine  
  39  4:45  SCV  
  39  4:46  SCV  
  39  4:48  Siege Tank  
  44  4:55  Raven  
  44  4:57  SCV  
  44  4:58  SCV  
  49  5:08  Marine  
  49  5:09  Marine  
  49  5:10  SCV x2  
  52  5:19  Command Center  
  52  5:21  Siege Tank  
  55  5:22  SCV x2  
  55  5:26  Refinery  
  55  5:28  Marine  
  57  5:30  Supply Depot, Marine  
  57  5:34  SCV x2  
  61  5:41  Raven  
  63  5:46  SCV x2  
  65  5:53  Supply Depot  
  65  5:55  Marine x2  
  65  5:56  Siege Tank  
  70  5:58  SCV x2  
  72  6:06  Supply Depot  
  72  6:10  SCV x2  
  74  6:16  Barracks  
  74  6:18  Barracks  
  74  6:22  SCV x2  
  76  6:28  Supply Depot, Siege Tank  
  79  6:33  Stimpack  
  79  6:36  SCV x2  
  83  6:41  Orbital Command  
  83  6:43  Viking  
  83  6:44  Viking  
  85  6:48  SCV x2  
  87  6:56  Marine  
  87  7:00  SCV, Engineering Bay x2  
  87  7:01  SCV  
  90  7:03  Barracks Reactor  
  90  7:04  Barracks Reactor  
  90  7:06  Siege Tank  
  93  7:10  SCV  
  93  7:12  SCV  
  93  7:13  SCV  
  93  7:15  Viking  
  98  7:22  SCV  
  99  7:24  Marine  
  99  7:25  SCV x2  
  99  7:26  Supply Depot  
  99  7:27  Terran Infantry Weapons Level 1, Terran Infantry Armor Level 1  
  102  7:34  SCV  
  102  7:37  SCV x2  
  104  7:40  Marine x3  
  104  7:41  Marine  
  104  7:42  Marine  
  104  7:43  Supply Depot  
  110  7:44  Siege Tank  
  110  7:47  SCV  
  110  7:48  Refinery  
  110  7:49  SCV x2, Refinery  
  116  7:51  Viking  
  116  7:53  Viking  
  120  8:02  Barracks  
  120  8:03  Supply Depot, SCV x3, Barracks  
  123  8:07  Marine x4  
  123  8:12  Combat Shield  
  123  8:16  SCV x3, Siege Tank  
  128  8:21  Viking  
  128  8:22  Supply Depot  
  130  8:28  SCV x3, Viking  
  130  8:30  Marine  
  130  8:31  Marine x4  
  132  8:45  SCV x2  
  132  8:47  Armory  
  132  8:48  Supply Depot, Marine  
  134  8:49  Siege Tank  
  134  8:50  Barracks Reactor x2  
  135  8:55  Marine  
  135  8:56  Marine x3  
  138  9:06  Marine  
  138  9:07  Medivac  
  138  9:08  Medivac, Sensor Tower  
  143  9:13  Marine x2  
  143  9:14  Marine x2  
  142  9:24  Marine  
  142  9:28  Marine x2  
  142  9:29  Marine  
  146  9:31  Marine x3  
  146  9:33  Command Center  
  146  9:34  Terran Infantry Weapons Level 2, Terran Infantry Armor Level 2  
  146  9:37  Viking  
  146  9:38  Viking  
  153  9:40  Marine x2  
  155  9:46  Supply Depot  
  155  9:47  Supply Depot, Siege Tank  
  151  9:54  Marine x2  
  151  9:55  Marine x2  
  151  9:57  Marine x2  
  151  9:59  Marine x2  
  149  10:09  Viking x2  
  149  10:11  Factory  
  149  10:14  Barracks Reactor  
  148  10:22  Marine x8  
  156  10:34  Siege Tank  
  156  10:39  Medivac x2  
  156  10:40  Marine x8  
  168  10:52  Terran Vehicle Weapons Level 1  
  168  10:53  SCV x2  
  168  10:54  SCV  
  170  10:57  Marine  
  170  10:58  Marine x7  
  178  11:04  Marine x2  
  178  11:06  Siege Tank  
  178  11:09  SCV  
  178  11:10  SCV x2  
  176  11:11  Viking  
  176  11:12  Siege Tank  
  176  11:14  Viking  
  176  11:15  Marine x2  
  176  11:16  Marine  
  185  11:24  Planetary Fortress  
  183  11:29  Marine  
  184  11:36  Marine x6  
  184  11:38  SCV, Siege Tank  
  185  11:40  SCV  
  185  11:41  SCV  
  185  11:43  Marine x3  
  189  11:47  Marine  
  189  11:50  SCV  
  189  11:52  Medivac x2  
  189  11:53  Starport  
  189  11:54  Starport, Marine  
  195  11:57  Refinery  
  195  11:58  Refinery  
  196  12:16  Marine x2  
  196  12:33  Starport Tech Lab  
  196  12:34  Starport Tech Lab  
  196  12:38  Marine x2  
  196  12:39  Marine x2  
  196  12:40  Marine x4  
  196  12:42  Marine x2  
  194  12:45  Siege Tank x2  
  194  12:50  Viking  
  196  12:53  Corvid Reactor  
  196  12:54  Supply Depot  
  196  12:56  Viking x2  
  200  12:59  Viking, Marine x2  
  200  13:02  Marine x2  
  200  13:04  Marine x3  
  159  13:08  Marine x3  
  155  13:16  SCV x3  
  155  13:17  Siege Tank x2, Marine x2  
  166  13:20  Viking, Terran Infantry Armor Level 3  
  166  13:26  Viking  
  168  13:28  Terran Infantry Weapons Level 3  
  168  13:30  Marine  
  168  13:34  Marine x4  
  168  13:35  Marine x2  
  168  13:36  Marine  
  168  13:37  Viking x2  
  168  13:38  Marine  
  168  13:39  Refinery  
  171  13:43  Marine  
  171  13:48  Marine  
  172  13:49  Siege Tank  
  172  13:50  Viking  
  172  13:52  Sensor Tower, Marine x3  
  178  13:56  Viking  
  178  14:01  Marine x5  
  178  14:02  Marine  
  182  14:06  Command Center  
  182  14:13  Raven  
  184  14:17  Marine  
  184  14:18  Marine x2  
  184  14:19  Marine  
  184  14:20  Marine x2  
  188  14:25  Raven, Viking  
  187  14:35  Terran Vehicle And Ship Armor Level 1  
  172  14:39  Marine x7  
  172  14:40  Siege Tank x2, Marine x2  
  187  14:54  Viking  
  187  14:55  Raven  
  188  15:06  Marine x3  
  184  15:07  Marine x5  
  184  15:08  Raven  
  184  15:12  Siege Tank x2  
  184  15:13  Marine x2  
  196  15:32  Missile Turret x2  
  196  15:35  Missile Turret  
  193  15:37  Missile Turret  
  193  15:38  Viking  
  197  15:44  Siege Tank  
  198  15:51  Viking  
  193  16:03  Neosteel Armor  
  193  16:05  Hi-Sec Auto Tracking  
  193  16:06  Starport  
  193  16:07  Starport  
  193  16:08  Viking  
  195  16:14  Command Center x2  
  195  16:21  Viking  
  195  16:36  Siege Tank  
  195  16:38  Viking  
  196  16:42  Siege Tank  
  184  16:51  Viking  
  184  16:52  Planetary Fortress  
  179  16:58  SCV x2  
  180  17:08  Viking  
  180  17:09  Viking x2  
  177  17:21  Viking  
  177  17:22  Siege Tank x2, Marine x3  
  160  17:23  Marine x7  
  160  17:26  Orbital Command  
  160  17:28  Orbital Command  
  168  17:38  Viking  
  168  17:39  Medivac x2  
  168  17:40  Marine  
  168  17:41  Marine x4, Orbital Command  
  168  17:44  Viking x2, Marine  
  177  18:02  Raven  
  174  18:08  Raven  
  175  18:15  Refinery, Siege Tank x2  
  175  18:16  Starport Tech Lab x2  
  181  18:31  Viking x2  
  185  18:41  Refinery, Orbital Command  
  185  18:45  Raven x2  
  189  18:51  Siege Tank  
  173  19:17  Raven  
  173  19:23  Missile Turret  
  167  19:24  Missile Turret  
  167  19:28  Missile Turret  
  158  19:32  Siege Tank x2, Marine x8  
  170  19:44  Marine x2  
  154  19:50  Marine x8  
  148  20:02  Marine x2  
  148  20:04  Siege Tank x2  
  150  20:07  Marine  
  150  20:08  Marine x3  
  150  20:09  Marine x4, Orbital Command  
  150  20:13  Refinery  
  150  20:14  Refinery  
  158  20:19  Marine x2  
  159  20:25  Marine  
  159  20:26  Marine  
  158  20:29  Marine x4  
  158  20:34  Viking, Marine  
  164  20:36  Siege Tank x2  
  164  20:39  Missile Turret  
  164  20:40  Marine x2  
Show
View Real Time Build Order
Export as new Build Order

DPGCure Terran - Winner!

Build Orders:  

Get SALT Encoding   

  12  0:00  SCV  
  13  0:12  SCV  
  14  0:16  Supply Depot  
  14  0:24  SCV  
  15  0:38  SCV  
  15  0:39  Barracks  
  15  0:42  Refinery  
  16  0:50  SCV  
  16  0:51  Refinery  
  17  1:02  SCV  
  18  1:14  SCV  
  19  1:26  Reaper, Orbital Command  
  19  1:30  Supply Depot  
  20  1:39  Factory  
  20  1:52  SCV  
  21  1:58  Reaper  
  22  2:04  SCV  
  23  2:15  Command Center  
  23  2:17  SCV  
  24  2:24  Hellion  
  24  2:29  SCV  
  27  2:30  Barracks Reactor  
  27  2:36  Starport  
  27  2:41  SCV  
  28  2:45  Supply Depot  
  28  2:49  Widow Mine  
  30  2:53  SCV  
  30  3:05  SCV  
  31  3:07  Marine x2  
  33  3:13  Factory Tech Lab  
  33  3:17  SCV  
  33  3:23  Medivac  
  35  3:27  Marine x2  
  35  3:28  Orbital Command  
  35  3:32  SCV  
  38  3:39  Factory Tech Lab  
  38  3:42  Refinery  
  38  3:44  SCV  
  38  3:45  Marine x2  
  41  3:56  SCV  
  41  3:57  SCV  
  41  4:00  Cyclone  
  46  4:05  Supply Depot, Raven  
  46  4:09  Marine x2  
  50  4:12  SCV  
  50  4:13  SCV  
  52  4:19  Supply Depot  
  52  4:27  SCV x2  
  52  4:29  Marine x2  
  54  4:40  Siege Tank  
  54  4:42  SCV x2  
  54  4:50  Command Center  
  51  4:53  Raven  
  51  4:56  SCV x2  
  51  4:58  Marine  
  51  4:59  Marine  
  55  5:08  SCV x2  
  55  5:10  Supply Depot  
  55  5:13  Refinery  
  57  5:15  Siege Tank  
  57  5:20  SCV x2  
  62  5:21  Marine x2  
  64  5:32  SCV x2  
  64  5:35  Barracks  
  66  5:36  Barracks  
  66  5:44  SCV x2  
  66  5:46  Viking x2  
  72  5:50  Siege Tank, Marine  
  72  5:54  Stimpack  
  72  5:56  SCV  
  77  5:57  SCV  
  77  6:03  Orbital Command  
  78  6:08  SCV  
  78  6:09  Supply Depot, SCV  
  78  6:10  Marine  
  81  6:17  Engineering Bay  
  81  6:18  Engineering Bay  
  81  6:21  Viking  
  81  6:23  SCV  
  81  6:24  SCV  
  85  6:26  Siege Tank  
  85  6:29  Barracks Reactor, Orbital Command  
  85  6:32  Barracks Reactor, Marine  
  88  6:37  SCV x2  
  91  6:44  Supply Depot  
  91  6:47  Terran Infantry Weapons Level 1, Terran Infantry Armor Level 1  
  91  6:48  Supply Depot  
  91  6:52  Viking x2  
  95  6:55  SCV x2  
  95  6:56  SCV  
  95  6:57  Marine  
  99  7:06  Siege Tank  
  102  7:09  Marine x4  
  102  7:12  SCV x3  
  102  7:15  Marine  
  109  7:20  Supply Depot x2  
  110  7:24  SCV, Medivac x2  
  110  7:27  SCV x2  
  117  7:33  Combat Shield  
  117  7:37  Refinery x2  
  117  7:41  SCV, Marine x5  
  117  7:42  Siege Tank  
  126  7:47  Barracks  
  126  7:48  SCV x2  
  126  7:49  Supply Depot x2  
  128  7:51  Barracks  
  128  7:53  SCV  
  129  7:59  Marine x4  
  129  8:03  Sensor Tower  
  133  8:09  Marine  
  133  8:10  Viking x2  
  133  8:11  Supply Depot, Armory  
  133  8:13  SCV x3  
  136  8:22  Marine x2  
  136  8:23  Marine x2  
  140  8:27  Marine  
  140  8:31  Siege Tank  
  144  8:38  Barracks Reactor x2  
  144  8:40  Marine  
  142  8:41  SCV x3  
  142  8:47  Viking x2, Marine x4  
  152  8:52  Supply Depot  
  152  8:53  SCV x3  
  154  8:58  Supply Depot, Marine  
  154  9:02  Command Center  
  153  9:13  Marine x3  
  153  9:14  Siege Tank  
  153  9:16  Marine  
  161  9:17  Medivac x2  
  161  9:18  Terran Infantry Weapons Level 2  
  161  9:20  Terran Infantry Armor Level 2  
  165  9:24  Marine x4  
  165  9:28  Terran Vehicle Weapons Level 1  
  168  9:31  Marine  
  168  9:32  Supply Depot  
  168  9:34  Factory  
  168  9:37  Marine x2  
  168  9:38  Barracks Reactor, Marine  
  172  9:42  Marine  
  172  9:43  Supply Depot  
  172  9:44  Supply Depot  
  173  9:54  Marine x4  
  173  9:55  Marine x3  
  173  9:59  Siege Tank  
  180  10:00  Liberator, Marine  
  180  10:04  Liberator  
  183  10:11  Marine  
  183  10:12  Marine  
  183  10:14  Marine x4  
  187  10:20  Siege Tank  
  192  10:22  Marine x4  
  192  10:26  SCV x3  
  199  10:29  Marine x2  
  199  10:34  Marine x2  
  199  10:35  Marine x2  
  200  10:49  Planetary Fortress  
  200  10:50  Refinery  
  200  10:53  Refinery  
  200  10:54  Starport  
  200  10:56  Starport  
  197  11:09  Marine x6  
  197  11:10  Marine x4  
  191  11:12  Siege Tank  
  191  11:17  Viking x2  
  194  11:27  Marine x6  
  197  11:38  Terran Vehicle Weapons Level 2, Terran Infantry Weapons Level 3, Terran Infantry Armor Level 3  
  194  11:44  Siege Tank, Marine x6  
  194  11:45  Siege Tank  
  194  11:46  Starport Tech Lab x2  
  195  11:56  Viking  
  195  11:57  Viking  
  199  12:04  SCV x2, Command Center  
  199  12:06  Command Center  
  198  12:20  Corvid Reactor  
  198  12:42  Siege Tank x2, Marine x2  
  198  12:43  Marine x2  
  187  12:47  Raven x2, Viking x2  
  182  13:02  Marine x8  
  165  13:06  Marine x2  
  166  13:14  Siege Tank x2  
  166  13:18  Planetary Fortress  
  166  13:19  Marine x2  
  172  13:20  SCV x4, Marine x6  
  172  13:21  Orbital Command  
  172  13:23  Command Center  
  172  13:24  Marine x2  
  186  13:30  Viking x2  
  180  13:37  Marine x6  
  180  13:41  Raven x2  
  180  13:44  Marine x4  
  180  13:46  Siege Tank  
  189  14:00  SCV x2, Viking x2  
  189  14:01  SCV  
  188  14:05  Refinery  
  188  14:07  Refinery  
  188  14:11  Siege Tank  
  191  14:18  Siege Tank  
  192  14:24  Viking x2  
  193  14:34  Viking  
  193  14:35  Viking  
  193  14:40  Marine x3  
  193  14:43  Hellbat  
  193  14:45  Orbital Command  
  198  14:54  Raven  
  195  15:04  Siege Tank  
  195  15:06  Siege Tank  
  194  15:08  Raven, Viking x2  
  200  15:25  Command Center  
  200  15:26  Command Center  
  196  15:29  Command Center  
  188  15:36  Siege Tank  
  188  15:37  Raven  
  188  15:40  Siege Tank  
  196  16:02  Marine x5  
  191  16:04  Raven, Viking x2  
  191  16:08  Siege Tank  
  197  16:12  Siege Tank  
  187  16:43  Raven  
  187  16:44  Viking x2  
  187  16:46  Terran Ship Weapons Level 1  
  186  16:47  Raven  
  186  16:48  Neosteel Armor  
  186  16:49  Hi-Sec Auto Tracking  
  186  16:50  Armory  
  186  16:52  Planetary Fortress  
  186  16:54  Refinery  
  182  16:55  Marine x6  
  182  16:56  Refinery  
  182  16:59  Orbital Command  
  172  17:23  Marine x6  
  172  17:24  Siege Tank  
  172  17:25  Siege Tank  
  183  17:32  Raven x2, Viking x2  
  183  17:37  Starport  
  191  17:48  Marine x4  
  195  17:57  Siege Tank  
  198  18:03  Viking x2  
  194  18:11  Siege Tank, Marine x5  
  200  18:15  Orbital Command  
  200  18:19  Command Center  
  200  18:25  Terran Vehicle And Ship Armor Level 1  
  200  18:37  Missile Turret x2  
  197  19:02  Siege Tank x2  
  200  19:14  Marine x4  
  200  19:15  Marine x2  
  198  19:18  Raven  
  192  19:33  Missile Turret  
  192  19:37  Missile Turret  
  178  19:44  Marine x6  
  167  19:46  Siege Tank x2  
  167  19:48  Marine  
  167  19:50  Raven, Viking x2  
  171  19:57  Marine x3  
  171  19:58  Missile Turret  
  160  20:01  Raven, Marine x2  
  160  20:02  Marine  
  160  20:04  Starport Tech Lab  
  160  20:05  Marine x2  
  160  20:06  Marine x2  
  163  20:16  Marine x3  
  163  20:19  Marine  
  163  20:20  Siege Tank x2, Viking x2  
  177  20:25  Raven  
  177  20:26  Marine x2  
  177  20:27  Marine x4  
  185  20:33  Planetary Fortress  
  185  20:53  Marine x4  

Tags
 
Add a new tag
Caveats
  • Supply blocks, unpowered buildings, or Contaminate may cause inaccurate times.
  • Supply counts are checked every 10 seconds.